[Event "Titled Tuesday Blitz November 07 Early 2023"]
[White "Perez Gormaz, Matias"]
[Black "Tikhonov, Viacheslav"]
[WhiteFideId "3406342"]
[BlackFideId "44196407"]
[WhiteElo "2728"]
[BlackElo "2532"]
[Result "1/2-1/2"]
[Round "4"]
[TimeControl "180+1"]
[Date "2023.11.07"]
[WhiteClock "0:00:04"]
[BlackClock "0:00:33"]
[Board "74"]

1. d4 d5 2. Bf4 Nf6 3. e3 c6 4. c4 e6 5. Nc3 Bd6 6. Bg3 O-O 7. Nf3 Bxg3 8. hxg3 h6 9. Bd3 Nbd7 10. O-O Re8 11. e4 dxe4 12. Nxe4 Nxe4 13. Bxe4 Nf6 14. Bc2 Qc7 15. Qd3 c5 16. Rad1 b6 17. dxc5 Qxc5 18. Ba4 Rf8 19. Qd4 Qxd4 20. Nxd4 Bb7 21. Bc6 Rab8 22. b4 Rfc8 23. b5 Bxc6 24. Nxc6 Rb7 25. Rd2 Ne4 26. Rd4 Nc5 27. Rfd1 Kh7 28. f3 Rbc7 29. g4 a6 30. Rd8 Rxd8 31. Rxd8 axb5 32. cxb5 Na4 33. Ra8 Nc3 34. a4 Rd7 35. Kf2 Rd2+ 36. Kf1 Nd5 37. g3 Ra2 38. a5 bxa5 39. Rxa5 Rb2 40. Ra7 f5 41. gxf5 exf5 42. Nd4 f4 43. gxf4 Nxf4 44. Nf5 Rxb5 45. Nxg7 Kg6 46. Ne8 h5 47. Nd6 Rb2 48. Nc4 Rc2 49. Ne3 Rb2 50. Nc4 Rc2 51. Ne3 Rc3 52. Kf2 h4 53. Ra6+ Kf7 54. Ra7+ Ke8 55. Ra8+ Kd7 56. Ra7+ Ke8 57. Ra8+ Kd7 58. Ra7+ Ke8 1/2-1/2


[Site "https://www.chess.com"]

[Event "Titled Tuesday Blitz November 07 Early 2023"]
[White "Slade, Theodore"]
[Black "Kourkoulos-Arditis, Stamatis"]
[WhiteFideId "426547"]
[BlackFideId "4221990"]
[WhiteElo "2531"]
[BlackElo "2725"]
[Result "1-0"]
[Round "4"]
[TimeControl "180+1"]
[Date "2023.11.07"]
[WhiteClock "0:00:13"]
[BlackClock "0:00:00"]
[Board "75"]

1. d4 Nf6 2. c4 e6 3. g3 Bb4+ 4. Nd2 a5 5. Bg2 d6 6. Nf3 Nbd7 7. O-O Bxd2 8. Bxd2 O-O 9. Qc2 Re8 10. e4 e5 11. Be3 exd4 12. Nxd4 Ng4 13. Bf4 Nc5 14. Rfe1 g5 15. Bd2 Qf6 16. Bc3 Ne5 17. f4 gxf4 18. Rf1 f3 19. Nxf3 Qh6 20. Nxe5 dxe5 21. Qf2 Qf8 22. Qf6 Ra6 23. Qh4 Rg6 24. Rf3 Qg7 25. Raf1 Be6 26. b3 Rh6 27. Bxe5 Rxh4 28. Bxg7 Rxe4 29. Bf6 Re2 30. R3f2 Bc8 31. Bd4 Rxf2 32. Bxf2 Nd3 33. Bd4 c5 34. Bc3 b6 35. Bd5 Be6 36. Rf3 Ne5 37. Bxe5 Bxd5 38. Rf5 Be4 39. Rg5+ Bg6 40. Bc7 Re6 41. Re5 Rxe5 42. Bxe5 Bb1 43. a3 Ba2 44. Bc7 Bxb3 45. Bxb6 Bxc4 46. Bxc5 a4 47. Kf2 f5 48. Ke3 Kf7 49. Kf4 Ke6 50. Bd4 Bd3 51. Be5 Kd5 52. Bc3 Ke6 53. Bb4 Bc2 54. h4 Kf6 55. Bc3+ Kg6 56. Bb4 Kh5 57. Bc3 Kg6 58. Bb4 Kh5 59. Ke5 Kg4 60. Be1 Kf3 61. Kf6 Ke2 62. Bb4 Kf2 63. Bd6 Kf3 64. Kg5 Kg2 65. Kh6 Kh3 66. Bf4 Kg4 67. Kxh7 Bb3 68. Kg6 Bd5 69. h5 1-0


[Site "https://www.chess.com"]

[Event "Titled Tuesday Blitz November 07 Early 2023"]
[White "Alinasab, Mobina"]
[Black "Smirnov, Pavel"]
[WhiteFideId "12528897"]
[BlackFideId "4123425"]
[WhiteElo "2531"]
[BlackElo "2719"]
[Result "0-1"]
[Round "4"]
[TimeControl "180+1"]
[Date "2023.11.07"]
[WhiteClock "0:00:03"]
[BlackClock "0:00:09"]
[Board "76"]

1. e4 e5 2. Bc4 Nf6 3. Nc3 Nxe4 4. Qh5 Nd6 5. Bb3 Be7 6. Qxe5 O-O 7. Nf3 Nc6 8. Qf4 Na5 9. O-O Nxb3 10. axb3 b6 11. Nd5 Bb7 12. Nxe7+ Qxe7 13. d4 Qe4 14. c4 Qc2 15. Ne5 f6 16. Ng4 Qxb3 17. c5 Nb5 18. Be3 Qd5 19. f3 h5 20. Nf2 Rae8 21. Rfe1 Qb3 22. Nh3 Qxb2 23. Rab1 Qc3 24. Bf2 Na3 25. Rbc1 Rxe1+ 26. Bxe1 Qb2 27. Bc3 Qb3 28. Qxc7 Nb5 29. Qxb7 Nxc3 30. Re1 Qd5 31. Qxa7 Qxd4+ 32. Kh1 bxc5 33. g3 Qd2 34. Rf1 Qd3 35. Qa1 d5 36. Nf4 Qd2 37. Nxh5 Rf7 38. Nf4 Kh7 39. Qa8 Re7 40. Qc8 Qe3 41. Qf5+ Kg8 42. Qc8+ Re8 43. Qg4 Qe5 44. Nh5 Qg5 45. Qh3 d4 46. Nf4 Qe5 47. Qd7 Qe7 48. Qf5 Rd8 49. Ra1 c4 50. Qa5 Qd7 51. Qb4 Kh7 52. Qxc4 g5 53. Qd3+ f5 54. Ne2 Nxe2 55. Qxe2 d3 56. Qd2 Qd4 57. Rd1 Kg6 58. Qc1 Re8 59. Qc6+ Kf7 60. Qc7+ Re7 61. Qc1 Re3 62. Qc7+ Kf6 63. Qc6+ Kf7 64. Qb7+ Kg6 65. Qa6+ Kh5 66. Qc8 Rxf3 67. Qe8+ Kg4 68. Qe1 Qe4 69. Qxe4+ fxe4 70. Kg2 Re3 71. Rd2 Re2+ 72. Rxe2 dxe2 73. Kf2 Kh3 74. Kxe2 Kxh2 75. Kf2 Kh3 76. g4 Kxg4 77. Kg2 Kf4 78. Kf2 e3+ 79. Ke2 Ke4 80. Ke1 Kf3 81. Kf1 e2+ 82. Ke1 g4 0-1


[Site "https://www.chess.com"]

[Event "Titled Tuesday Blitz November 07 Early 2023"]
[White "Ronka, Erik"]
[Black "Wagner, Dennis"]
[WhiteFideId "505080"]
[BlackFideId "24650684"]
[WhiteElo "2526"]
[BlackElo "2718"]
[Result "1/2-1/2"]
[Round "4"]
[TimeControl "180+1"]
[Date "2023.11.07"]
[WhiteClock "0:01:11"]
[BlackClock "0:01:58"]
[Board "77"]

1. e4 e5 2. Nf3 Nc6 3. Bb5 a6 4. Ba4 Nf6 5. O-O Be7 6. Re1 b5 7. Bb3 O-O 8. a4 b4 9. d4 d6 10. dxe5 Nxe5 11. Nxe5 dxe5 12. Qe2 a5 13. Bg5 h6 14. Bxf6 Bxf6 15. Nd2 Qd4 16. Rab1 Ba6 17. Bc4 Rfd8 18. Bxa6 Qxd2 19. Rbd1 Qxe2 20. Bxe2 Bg5 21. Rxd8+ Rxd8 22. Rd1 Rxd1+ 23. Bxd1 Bc1 24. b3 Kf8 25. Kf1 Ke7 26. Ke2 Kd6 27. Kd3 Kc5 28. Bg4 Bb2 29. Bd7 Bd4 30. f3 Bg1 31. h3 Bh2 32. Be8 f6 33. Bf7 Bg3 34. Bg8 Bf2 35. Bf7 g5 36. Bg6 Bd4 37. Bf7 Bc3 38. Bg6 Bd4 39. Bf7 Bc3 40. Bg6 Bd4 1/2-1/2


[Site "https://www.chess.com"]

[Event "Titled Tuesday Blitz November 07 Early 2023"]
[White "MKlose11"]
[Black "Bettalli, Francesco"]
[BlackFideId "2816453"]
[WhiteElo "2716"]
[BlackElo "2522"]
[Result "1-0"]
[Round "4"]
[TimeControl "180+1"]
[Date "2023.11.07"]
[WhiteClock "0:00:15"]
[BlackClock "0:00:03"]
[Board "78"]

1. e4 e5 2. Nf3 Nf6 3. d4 Nxe4 4. Bd3 d5 5. Nxe5 Be7 6. O-O O-O 7. c4 c6 8. Nc3 Nxc3 9. bxc3 Nd7 10. Nxd7 Bxd7 11. cxd5 cxd5 12. Qh5 f5 13. Qf3 Be6 14. Re1 Qd7 15. Bf4 Rac8 16. Bc2 Bf6 17. Be5 g6 18. Bxf6 Rxf6 19. h4 Bf7 20. Bb3 Rfc6 21. Re3 b5 22. Rae1 R6c7 23. h5 Qd6 24. h6 f4 25. Re5 Rxc3 26. Qxf4 Qf8 27. Re7 Rc1 28. Qf6 R8c6 29. Qe5 Rxe1+ 30. Qxe1 Rf6 31. Qe3 Qc8 32. Bxd5 Kf8 33. Rxa7 Qd8 34. Rxf7+ Rxf7 35. Bxf7 Kxf7 36. Qf4+ Kg8 37. Qe5 Qc8 38. Qg7# 1-0


[Site "https://www.chess.com"]

[Event "Titled Tuesday Blitz November 07 Early 2023"]
[White "De Silva, L M S T"]
[Black "Santos Flores, Alberto"]
[WhiteFideId "9953698"]
[BlackFideId "3601234"]
[WhiteElo "2714"]
[BlackElo "2510"]
[Result "1-0"]
[Round "4"]
[TimeControl "180+1"]
[Date "2023.11.07"]
[WhiteClock "0:00:34"]
[BlackClock "0:00:00"]
[Board "79"]

1. e4 e6 2. d4 d5 3. Nc3 Nf6 4. exd5 exd5 5. Bd3 Be7 6. Nge2 O-O 7. O-O Re8 8. Ng3 g6 9. Nce2 Nbd7 10. Nf4 Nf8 11. h3 Ne6 12. c3 c6 13. Qf3 Nxf4 14. Bxf4 Be6 15. Rfe1 Qd7 16. Re2 Qd8 17. Rae1 Nd7 18. Bc2 Bf6 19. Bh6 Bg7 20. Bxg7 Kxg7 21. Qf4 Qf6 22. Qc7 Rab8 23. f4 Qd8 24. Qxd8 Rexd8 25. f5 gxf5 26. Bxf5 Nf8 27. Bd3 a5 28. Nh5+ Kh8 29. Nf6 Kg7 30. Rf2 Ng6 31. Re3 a4 32. Rg3 Rd6 33. h4 Kh8 34. h5 Ne7 35. Nxh7 Rg8 36. Ng5 Rg7 37. h6 1-0


[Site "https://www.chess.com"]

[Event "Titled Tuesday Blitz November 07 Early 2023"]
[White "Reprintsev, Alexander"]
[Black "GaiozNigalidze"]
[WhiteFideId "14100541"]
[WhiteElo "2503"]
[BlackElo "2706"]
[Result "0-1"]
[Round "4"]
[TimeControl "180+1"]
[Date "2023.11.07"]
[WhiteClock "0:00:16"]
[BlackClock "0:01:06"]
[Board "80"]

1. e4 c5 2. b3 g6 3. Bb2 Nf6 4. e5 Nd5 5. Nc3 Nxc3 6. dxc3 Bg7 7. Qd5 Qc7 8. Nf3 O-O 9. O-O-O b6 10. c4 Nc6 11. h4 h5 12. Be2 Nb4 13. Qxa8 Nc6 14. Rhe1 Bb7 15. Qxf8+ Kxf8 16. Bd3 Nb4 17. a3 Bxf3 18. gxf3 Nc6 19. f4 d6 20. exd6 exd6 21. Bxg7+ Kxg7 22. f5 gxf5 23. Bxf5 Nd4 24. Bd3 Qd8 25. Rg1+ Kf8 26. Rg5 Qf6 27. Rxh5 Qf4+ 28. Kb2 Qf6 29. Rd5 Ne2+ 30. Kb1 Nc3+ 31. Kc1 Nxd5 32. cxd5 Qxh4 33. f3 Qf4+ 34. Kb2 Qxf3 35. Rf1 Qxd5 36. Bc4 Qe5+ 37. Ka2 d5 38. Bd3 f6 39. a4 Ke7 40. a5 bxa5 41. Ka3 Kd6 42. Rf5 Qc3 43. Rf3 Qa1# 0-1


[Site "https://www.chess.com"]

[Event "Titled Tuesday Blitz November 07 Early 2023"]
[White "Nagare Kaivalya Sandip"]
[Black "Ziatdinov, Raset"]
[WhiteFideId "25957929"]
[BlackFideId "2015323"]
[WhiteElo "2704"]
[BlackElo "2504"]
[Result "0-1"]
[Round "4"]
[TimeControl "180+1"]
[Date "2023.11.07"]
[WhiteClock "0:00:09"]
[BlackClock "0:01:45"]
[Board "81"]

1. e4 e5 2. Nf3 Nc6 3. Bb5 a6 4. Ba4 Nf6 5. O-O Be7 6. Re1 b5 7. Bb3 d6 8. c3 Bg4 9. h3 Bh5 10. d3 Na5 11. Bc2 c5 12. Nbd2 O-O 13. Nf1 Ne8 14. Ng3 Bg6 15. d4 exd4 16. cxd4 Nc7 17. d5 b4 18. Bf4 Nb5 19. Nf5 Bxf5 20. exf5 Bf6 21. g4 Bxb2 22. Rb1 Nc3 23. Qd3 c4 24. Qd2 Nxb1 25. Rxb1 Bc3 26. Qd1 Re8 27. g5 Rb8 28. f6 g6 29. Nd4 Re1+ 30. Qxe1 Bxe1 31. Rxe1 b3 32. axb3 cxb3 33. Be4 h5 34. Nc6 Nxc6 35. dxc6 b2 36. Bg3 Qa5 37. Rd1 Qa4 38. Re1 Qxe4 39. Rxe4 b1=Q+ 0-1


[Site "https://www.chess.com"]

[Event "Titled Tuesday Blitz November 07 Early 2023"]
[White "Hasangatin, Ramil"]
[Black "Willy, Stephen"]
[WhiteFideId "4122160"]
[BlackFideId "30981468"]
[WhiteElo "2703"]
[BlackElo "2493"]
[Result "1-0"]
[Round "4"]
[TimeControl "180+1"]
[Date "2023.11.07"]
[WhiteClock "0:02:02"]
[BlackClock "0:00:00"]
[Board "82"]

1. e4 d5 2. exd5 Nf6 3. Bb5+ Bd7 4. Bc4 Bg4 5. f3 Bf5 6. Nc3 c6 7. dxc6 Nxc6 8. d3 e6 9. Nge2 Bc5 10. Ng3 O-O 11. Nce4 Ne5 12. Bb3 Nxe4 13. dxe4 Qxd1+ 14. Kxd1 Bg6 15. h4 h6 16. h5 Bh7 17. Bf4 Nc6 18. c3 Rfd8+ 19. Ke2 Rd7 20. Rad1 Rad8 21. Rxd7 Rxd7 22. Rd1 Rxd1 23. Kxd1 Kf8 24. Ke2 Ke7 25. Bc2 Bg8 26. b4 Bb6 27. a3 f6 28. Bd3 Bf7 29. Bb5 Nd8 30. Be3 Bc7 31. f4 a6 32. Bd3 Nc6 33. Kd2 Kd7 34. Be2 Ne7 35. Bf3 b5 36. Ne2 Be8 37. Bc5 Bf7 38. g3 Nc6 39. Nd4 e5 40. Nxc6 Kxc6 41. f5 Bd8 42. Bf8 1-0


[Site "https://www.chess.com"]

[Event "Titled Tuesday Blitz November 07 Early 2023"]
[White "vishwa_vijeta"]
[Black "Rakotomaharo, Fy Antenaina"]
[BlackFideId "13100050"]
[WhiteElo "2475"]
[BlackElo "2700"]
[Result "0-1"]
[Round "4"]
[TimeControl "180+1"]
[Date "2023.11.07"]
[WhiteClock "0:00:04"]
[BlackClock "0:00:30"]
[Board "83"]

1. e4 e5 2. Nf3 Nf6 3. d4 Nxe4 4. Bd3 d5 5. Nxe5 Nd7 6. Nxd7 Bxd7 7. O-O Bd6 8. c4 O-O 9. cxd5 f5 10. Nc3 Qf6 11. Bxe4 fxe4 12. Nxe4 Bxh2+ 13. Kxh2 Qh4+ 14. Kg1 Qxe4 15. Qb3 b6 16. d6+ Be6 17. Qe3 Qxe3 18. Bxe3 cxd6 19. Rfe1 Bd5 20. a3 Rac8 21. Rac1 Kf7 22. Bf4 Rfd8 23. Rxc8 Rxc8 24. Bxd6 Rc2 25. Re7+ Kf6 26. Rxa7 Rxb2 27. Be5+ Kf5 28. Rxg7 h5 29. Rd7 Be6 30. Rd6 b5 31. f3 Ra2 32. Rd8 Rxa3 33. Rf8+ Kg5 34. Rf6 Bc4 35. Kh2 h4 36. Kh3 Bf1 37. Kh2 Ra2 38. Kg1 Bxg2 39. Rf4 h3 40. Rg4+ Kf5 41. Rf4+ Ke6 42. Rf6+ Kd5 43. Rd6+ Kc4 44. f4 Be4 45. f5 Rg2+ 46. Kf1 h2 47. Rh6 Rg1+ 48. Kf2 h1=Q 0-1


[Site "https://www.chess.com"]

[Event "Titled Tuesday Blitz November 07 Early 2023"]
[White "NovozhilovSemen"]
[Black "lagunanivaria"]
[WhiteElo "2698"]
[BlackElo "2458"]
[Result "1-0"]
[Round "4"]
[TimeControl "180+1"]
[Date "2023.11.07"]
[WhiteClock "0:00:19"]
[BlackClock "0:00:05"]
[Board "84"]

1. d4 Nf6 2. Nf3 e6 3. e3 b6 4. Bd3 Bb7 5. O-O c5 6. c4 d6 7. Nc3 Be7 8. d5 e5 9. Nd2 O-O 10. Nde4 Nxe4 11. Nxe4 f5 12. Ng3 g6 13. Bd2 Nd7 14. a3 Bf6 15. Rb1 Bg7 16. Re1 Rc8 17. b4 h5 18. e4 f4 19. Ne2 f3 20. Nc3 fxg2 21. Nb5 Nf6 22. h3 a6 23. Na7 Ra8 24. Nc6 Bxc6 25. dxc6 Qc7 26. bxc5 bxc5 27. Qa4 Rfc8 28. Rb7 Qxc6 29. Qxc6 Rxc6 30. Kxg2 Ne8 31. Ba5 Bf6 32. Reb1 Bd8 33. Bd2 Rc7 34. R7b2 Kf7 35. Bc2 Ng7 36. Ba5 Re7 37. Bc3 Ne6 38. Rb8 Rxb8 39. Rxb8 Bc7 40. Ra8 Nf4+ 41. Kh2 Ne2 42. Bd2 Nd4 43. Bd1 a5 44. Kg2 Nc6 45. Ba4 Nd4 46. Bg5 Re6 47. Ra7 Kg8 48. Rxc7 Ne2 49. Bd7 Nf4+ 50. Bxf4 exf4 51. Bxe6+ Kh8 52. Kf3 g5 53. e5 dxe5 54. Ke4 g4 55. Kf5 g3 56. Kg6 g2 57. Rc8# 1-0


[Site "https://www.chess.com"]

[Event "Titled Tuesday Blitz November 07 Early 2023"]
[White "Nasuta, Grzegorz"]
[Black "Shishkov, Andrei"]
[WhiteFideId "1141686"]
[BlackFideId "4500563"]
[WhiteElo "2697"]
[BlackElo "2453"]
[Result "1/2-1/2"]
[Round "4"]
[TimeControl "180+1"]
[Date "2023.11.07"]
[WhiteClock "0:00:03"]
[BlackClock "0:00:03"]
[Board "85"]

1. e4 d5 2. exd5 Nf6 3. Nf3 Nxd5 4. d4 Bg4 5. h3 Bh5 6. Be2 Nc6 7. O-O e6 8. c4 Nb6 9. b3 Bxf3 10. Bxf3 Nxd4 11. Bxb7 Rb8 12. Be4 Be7 13. Nc3 O-O 14. Be3 c5 15. Ne2 f5 16. Bd3 e5 17. f3 Nc8 18. Nc3 Bg5 19. Bxg5 Qxg5 20. f4 exf4 21. Qd2 Qg3 22. Rxf4 Ne7 23. Rd1 Ng6 24. Rff1 Nh4 25. Kh1 Rbe8 26. Qf2 Qg5 27. Nd5 Re5 28. Rg1 f4 29. b4 Ndf5 30. bxc5 Ng3+ 31. Kh2 Ne4 32. Bxe4 Rxe4 33. c6 Rxc4 34. Rc1 Qxd5 35. Rxc4 Qxc4 36. Qxh4 Qxc6 37. Qf2 Qd6 38. Qf3 Re8 39. Rf1 Rf8 40. Kh1 h6 41. Rf2 Kh8 42. Kh2 Qe6 43. Qb3 Qxb3 44. axb3 g5 45. Ra2 Rf7 46. Ra6 Kg7 47. b4 Rb7 48. Kg1 Rxb4 49. Rxa7+ Kg6 50. Ra6+ Kh5 51. Kh2 Rb3 52. Kg1 Rb2 53. Kh2 f3 54. Kg3 fxg2 55. Kh2 Rc2 56. Rb6 Rf2 57. Ra6 g4 58. hxg4+ Kg5 59. Rb6 Rd2 60. Ra6 Re2 61. Rb6 Rf2 62. Ra6 Kxg4 63. Rxh6 Kf3 64. Rg6 Rd2 65. Rg3+ Kf4 66. Rxg2 Rxg2+ 67. Kxg2 1/2-1/2


[Site "https://www.chess.com"]

[Event "Titled Tuesday Blitz November 07 Early 2023"]
[White "Azali, Tannaz"]
[Black "Aradhya, Garg"]
[WhiteFideId "12537721"]
[BlackFideId "25006746"]
[WhiteElo "2447"]
[BlackElo "2693"]
[Result "0-1"]
[Round "4"]
[TimeControl "180+1"]
[Date "2023.11.07"]
[WhiteClock "0:00:17"]
[BlackClock "0:00:30"]
[Board "86"]

1. e4 e5 2. Nc3 Nf6 3. Bc4 Nc6 4. d3 Na5 5. Nge2 Nxc4 6. dxc4 Bc5 7. O-O d6 8. Qd3 O-O 9. b3 a6 10. a4 Be6 11. Bg5 h6 12. Be3 Nd7 13. Rad1 a5 14. Ng3 Kh7 15. h3 g6 16. Qd2 Bxe3 17. Qxe3 Qg5 18. Qxg5 hxg5 19. Rd2 f5 20. f3 Nc5 21. Rfd1 g4 22. Nd5 Bxd5 23. Rxd5 gxh3 24. gxh3 fxe4 25. Nxe4 Ne6 26. c5 Nf4 27. R5d2 d5 28. Ng5+ Kh6 29. h4 c6 30. c4 Rae8 31. cxd5 cxd5 32. Rc2 Re7 33. c6 bxc6 34. Rxc6 e4 35. fxe4 dxe4 36. Re1 e3 37. Rc3 e2 38. Kh2 Rd8 39. Rc2 Rd1 40. Nf3 Re3 41. Kg3 Rxf3+ 42. Kxf3 Rxe1 43. Kxf4 Rf1+ 0-1


[Site "https://www.chess.com"]

[Event "Titled Tuesday Blitz November 07 Early 2023"]
[White "Kovalevsky, Stanislav"]
[Black "Harikrishnan.A.Ra"]
[WhiteFideId "13508598"]
[BlackFideId "5081483"]
[WhiteElo "2446"]
[BlackElo "2693"]
[Result "0-1"]
[Round "4"]
[TimeControl "180+1"]
[Date "2023.11.07"]
[WhiteClock "0:00:00"]
[BlackClock "0:00:05"]
[Board "87"]

1. e4 Nf6 2. e5 Ng8 3. Nf3 d6 4. exd6 cxd6 5. d4 Nf6 6. Bd3 g6 7. Bg5 Bg7 8. Qd2 Bg4 9. Qf4 Qa5+ 10. Nbd2 Bxf3 11. gxf3 h6 12. Bxf6 Bxf6 13. c3 Nc6 14. Qg4 h5 15. Qh3 Qg5 16. O-O-O Qh4 17. Qf1 O-O-O 18. Kb1 Kb8 19. Bb5 Rc8 20. Ne4 Bg7 21. Qe2 Qf4 22. h3 Rc7 23. Rhg1 Rhc8 24. a3 Qf5 25. h4 Qf4 26. Ng5 Na5 27. Qe4 Qxe4+ 28. fxe4 e6 29. Nf3 a6 30. Bd3 b5 31. Rg5 Bf6 32. Rgg1 Rb7 33. e5 dxe5 34. dxe5 Be7 35. Be4 Rbc7 36. Ng5 Bf8 37. Nh7 Bc5 38. Rg2 Nc4 39. f4 Ne3 40. Rgd2 Nxd1 41. Rxd1 f5 42. exf6 Rxh7 43. Bxg6 Rh6 44. f5 exf5 45. Bxf5 Rf8 46. Rd5 Bb6 47. a4 Rhxf6 48. Bd3 bxa4 49. Bxa6 Rf5 50. Rd7 Bc7 51. Rd4 Rf4 52. Rd5 Ka7 53. Be2 Rxh4 54. Bxh5 Rh2 55. Bd1 Rff2 56. b4 axb3 57. Rb5 Rb2+ 58. Kc1 Ra2 0-1


[Site "https://www.chess.com"]

[Event "Titled Tuesday Blitz November 07 Early 2023"]
[White "Hua, Lefong"]
[Black "WindWhistler11"]
[WhiteFideId "2602253"]
[WhiteElo "2692"]
[BlackElo "2441"]
[Result "1-0"]
[Round "4"]
[TimeControl "180+1"]
[Date "2023.11.07"]
[WhiteClock "0:00:17"]
[BlackClock "0:00:01"]
[Board "88"]

1. d4 Nf6 2. c4 e6 3. Nc3 c5 4. d5 exd5 5. cxd5 Bd6 6. e4 O-O 7. Nf3 Re8 8. Nd2 Bf8 9. Be2 d6 10. O-O b6 11. f4 Ba6 12. Bxa6 Nxa6 13. Re1 Nc7 14. a4 a6 15. Nc4 b5 16. Nb6 b4 17. Nxa8 Qxa8 18. e5 bxc3 19. exf6 c2 20. Qd2 Rxe1+ 21. Qxe1 Qxd5 22. Be3 Qb3 23. Rc1 Nd5 24. Bd2 Nxf6 25. Bc3 Nd5 26. Qd2 Nxc3 27. bxc3 Qxa4 28. Rxc2 d5 29. Rc1 g6 30. Qxd5 Qxf4 31. Rf1 Qe3+ 32. Kh1 Qe7 33. h3 h5 34. Ra1 Bg7 35. Qc4 Qe3 36. Rf1 Qe7 37. Qxa6 Bxc3 38. Qc8+ Kg7 39. Qc6 Bd4 40. Qd5 Qe8 41. g3 Qe5 42. Qxf7+ Kh6 43. Qf4+ Qxf4 44. Rxf4 Kg7 45. Kg2 Bf6 46. Rc4 Bd4 47. Kf3 Kf7 48. Ke4 Ke6 49. Rc2 Kf6 50. Ra2 Kg5 51. Ra6 h4 52. g4 Kh6 53. Rc6 Kg5 54. Rc8 Kf6 55. Kf4 Be5+ 56. Ke4 Bd4 57. Rf8+ Ke7 58. Rg8 Kf6 59. Rc8 Kg5 60. Rc7 Kf6 61. Kd5 Kg5 62. Rf7 Kh6 63. Kc4 Kg5 64. Kd3 Be5 65. Rf1 Bd4 66. Ke4 Kh6 67. Kf4 Kg7 68. g5 Kf7 69. Ke4+ Ke6 70. Rf4 Bg7 71. Rxh4 c4 72. Rf4 c3 73. Kd3 Be5 74. Rf8 Kd5 75. Rg8 Ke6 76. Rxg6+ Kf5 77. Rg8 1-0


[Site "https://www.chess.com"]

[Event "Titled Tuesday Blitz November 07 Early 2023"]
[White "ExchangeAB"]
[Black "Godzwon, Iwo"]
[BlackFideId "21802483"]
[WhiteElo "2430"]
[BlackElo "2690"]
[Result "1-0"]
[Round "4"]
[TimeControl "180+1"]
[Date "2023.11.07"]
[WhiteClock "0:01:08"]
[BlackClock "0:00:16"]
[Board "89"]

1. Nf3 d5 2. e3 g6 3. c4 c6 4. d4 Bg7 5. Nc3 Nf6 6. cxd5 Nxd5 7. Bd2 O-O 8. Bd3 Bg4 9. h3 Bxf3 10. Qxf3 e6 11. Nxd5 exd5 12. Bb4 Re8 13. O-O Nd7 14. Rfc1 a5 15. Be1 Nf6 16. b3 a4 17. b4 Qd7 18. b5 cxb5 19. Rc5 Ne4 20. Rxb5 Re7 21. Rab1 Qc6 22. Rb6 Qc8 23. Qd1 Rc7 24. Bxe4 dxe4 25. Bb4 a3 26. Bc5 Bf8 27. Bxf8 Kxf8 28. Qb3 Ra7 29. Kh2 Kg8 30. Qd5 Qb8 31. g3 Re7 32. Kg2 Qc7 33. h4 h5 34. Rxg6+ Kf8 35. Rgb6 Qc2 36. Qxh5 Ke8 37. Qh8+ Kd7 38. Rxb7+ Kd6 39. R1b6+ Kd5 40. Qd8+ Kc4 41. Rc6+ Kd3 42. Rxc2 Rexb7 43. Qc8 1-0


[Site "https://www.chess.com"]

[Event "Titled Tuesday Blitz November 07 Early 2023"]
[White "Lukovic, Vladimir"]
[Black "Su, Dion"]
[WhiteFideId "942952"]
[BlackFideId "2029731"]
[WhiteElo "2690"]
[BlackElo "2425"]
[Result "1-0"]
[Round "4"]
[TimeControl "180+1"]
[Date "2023.11.07"]
[WhiteClock "0:01:06"]
[BlackClock "0:00:32"]
[Board "90"]

1. e4 c5 2. Nf3 e6 3. b3 Nc6 4. Bb2 a6 5. c4 Qc7 6. Nc3 b6 7. g3 Bb7 8. Bg2 Nge7 9. O-O h5 10. h4 f6 11. Rc1 Rg8 12. d4 cxd4 13. Nd5 exd5 14. cxd5 O-O-O 15. Nxd4 g5 16. Qxh5 gxh4 17. Qxh4 Ng6 18. Qh5 Bc5 19. dxc6 dxc6 20. Ne6 Qxg3 21. Nxc5 Qxg2+ 22. Kxg2 Nf4+ 23. Kf3 Nxh5 24. Ne6 Rd6 25. Nf4 Nxf4 26. Kxf4 Rd2 27. Bxf6 Rxa2 28. e5 c5 29. e6 Re2 30. Rce1 Rxe1 31. Rxe1 Re8 32. Ke5 Bf3 33. Kd6 Kb7 34. Re3 Bh5 35. f4 Rf8 36. Bg5 a5 37. e7 Rf5 38. e8=Q Bxe8 39. Rxe8 b5 40. Re5 Rf8 41. Kxc5 1-0


[Site "https://www.chess.com"]

[Event "Titled Tuesday Blitz November 07 Early 2023"]
[White "Ladan, Nicholas"]
[Black "Tatarinov, Dmitry"]
[WhiteFideId "30918855"]
[BlackFideId "24160067"]
[WhiteElo "2419"]
[BlackElo "2689"]
[Result "0-1"]
[Round "4"]
[TimeControl "180+1"]
[Date "2023.11.07"]
[WhiteClock "0:00:36"]
[BlackClock "0:00:57"]
[Board "91"]

1. d4 Nf6 2. Nf3 e6 3. g3 d5 4. Bg2 b5 5. O-O Be7 6. Ne5 O-O 7. Bf4 Bb7 8. a4 b4 9. a5 c5 10. dxc5 Bxc5 11. Nd2 Nfd7 12. Nb3 Be7 13. h4 Nxe5 14. Bxe5 Nd7 15. Bd4 Ba6 16. Re1 Qc7 17. e4 dxe4 18. Bxe4 Rac8 19. Bxh7+ Kxh7 20. Qh5+ Kg8 21. Bxg7 Kxg7 22. Qg4+ Kh6 23. Qf4+ Kg6 24. Qg4+ Kh6 25. Rad1 Rg8 26. Rxe6+ fxe6 27. Qxe6+ Nf6 28. Rd5 Rxg3+ 29. fxg3 Qxg3+ 0-1


[Site "https://www.chess.com"]

[Event "Titled Tuesday Blitz November 07 Early 2023"]
[White "Principe, Alexander"]
[Black "Osinovsky, Stepan"]
[WhiteFideId "3804542"]
[BlackFideId "4157354"]
[WhiteElo "2688"]
[BlackElo "2415"]
[Result "1-0"]
[Round "4"]
[TimeControl "180+1"]
[Date "2023.11.07"]
[WhiteClock "0:00:24"]
[BlackClock "0:00:00"]
[Board "92"]

1. e4 e5 2. Nf3 Nc6 3. d4 exd4 4. Nxd4 Bc5 5. Be3 Qf6 6. c3 Nge7 7. Bc4 b6 8. a3 Bb7 9. b4 Bxd4 10. cxd4 O-O-O 11. Nc3 Ng6 12. O-O Rhe8 13. f4 Nce7 14. Bd3 Nh4 15. Qg4 Nef5 16. Bf2 h5 17. Qg5 Nxg2 18. Kxg2 Nd6 19. Qxf6 gxf6 20. Rae1 f5 21. d5 fxe4 22. Bc2 f5 23. Kh3 Rg8 24. Bh4 Rdf8 25. Rg1 Rg4 26. Be7 Rfg8 27. Rxg4 hxg4+ 28. Kg3 Nc4 29. b5 Rh8 30. Bh4 d6 31. Re2 1-0


[Site "https://www.chess.com"]

[Event "Titled Tuesday Blitz November 07 Early 2023"]
[White "Koellner, Ruben Gideon"]
[Black "Saya, Ethan"]
[WhiteFideId "12993093"]
[BlackFideId "26095181"]
[WhiteElo "2688"]
[BlackElo "2361"]
[Result "1-0"]
[Round "4"]
[TimeControl "180+1"]
[Date "2023.11.07"]
[WhiteClock "0:00:36"]
[BlackClock "0:00:00"]
[Board "93"]

1. d4 Nf6 2. Nf3 d5 3. e3 e6 4. Nbd2 Bd6 5. Bd3 Nbd7 6. Qe2 O-O 7. e4 e5 8. dxe5 Nxe5 9. Nxe5 Bxe5 10. O-O Bg4 11. f3 Be6 12. f4 Bd4+ 13. Kh1 dxe4 14. Nxe4 Bd5 15. Nxf6+ Qxf6 16. c3 Bb6 17. Qh5 Rfd8 18. Qxh7+ Kf8 19. Qh8+ Ke7 20. Re1+ Be6 21. Qh3 Kf8 22. f5 Rxd3 23. Qxd3 Bxf5 24. Qf3 Qg6 25. Be3 Be4 26. Qxe4 Qxe4 27. Bc5+ Bxc5 28. Rxe4 Rd8 29. Re2 g6 30. g3 Rd3 31. Kg2 a6 32. Rae1 Kg7 33. Rf1 f5 34. Rfe1 Bd6 35. Re8 Rd2+ 36. R1e2 Rd1 37. Rb8 b6 38. b4 Rc1 39. Ra8 Rxc3 40. Rxa6 Bxb4 41. Ra7 g5 42. Ra8 g4 43. Rae8 Rc1 44. R8e5 Bc5 45. Re1 Rc2+ 46. R5e2 Rc3 47. Rf1 Kg6 48. Rfe1 Kg5 49. h3 gxh3+ 50. Kxh3 Bd6 51. Re3 Rc2 52. R1e2 Rxe2 53. Rxe2 f4 54. g4 f3 55. Re6 Kf4 56. Rf6+ Ke3 57. g5 Ba3 58. g6 Bb2 59. Rf7 Ke2 60. Re7+ Kd2 61. g7 Bxg7 62. Rxg7 f2 63. Kg2 c5 64. Rd7+ Ke2 65. Re7+ Kd2 66. Kxf2 c4 67. Rb7 c3 68. Rxb6 c2 69. Rd6+ Kc3 70. Rc6+ Kb2 71. a4 c1=Q 72. Rxc1 Kxc1 73. a5 Kb2 74. a6 Kb3 75. a7 Kb4 76. a8=Q 1-0


[Site "https://www.chess.com"]

[Event "Titled Tuesday Blitz November 07 Early 2023"]
[White "carokannlover213"]
[Black "Harriott, Tyrell"]
[BlackFideId "2086484"]
[WhiteElo "2688"]
[BlackElo "2344"]
[Result "1-0"]
[Round "4"]
[TimeControl "180+1"]
[Date "2023.11.07"]
[WhiteClock "0:00:48"]
[BlackClock "0:00:01"]
[Board "94"]

1. c4 e6 2. Nf3 d5 3. d4 c6 4. e3 Bd6 5. Bd3 f5 6. O-O Nf6 7. b3 Ne4 8. Ne5 O-O 9. Bb2 Qg5 10. Nd2 Nd7 11. Ndf3 Qh6 12. Qe2 g5 13. Nxd7 Bxd7 14. Ne5 g4 15. f3 gxf3 16. gxf3 Nf6 17. Kh1 Kh8 18. Rg1 Be8 19. Rg2 Bh5 20. Rag1 Rg8 21. Qf2 Bxe5 22. dxe5 Ne4 23. fxe4 dxe4 24. Be2 Bg6 25. Ba3 Rge8 26. Qf4 Qg7 27. h4 Qf7 28. Qh6 Rg8 29. h5 Bxh5 30. Bxh5 Qc7 31. Qf6+ 1-0


[Site "https://www.chess.com"]